 Dungeon Crawl Stone Soup version 0.31-a0-986-g5e6e4ef867 (webtiles) character file.

Game seed: 14681142101672027856

2027720 Hi5aMiFi the Metallomancer (level 27, 174/174 HPs)
             Began as a Gargoyle Earth Elementalist on Nov 20, 2023.
             Was the Champion of Vehumet.
             Escaped with the Orb
             ... and 4 runes on Nov 30, 2023!
             The game lasted 11:33:36 (89819 turns).

Hi5aMiFi the Metallomancer (GrEE)                  Turns: 89819, Time: 11:33:37

Health: 174/174    AC: 48    Str: 21    XL:     27
Magic:  44/44      EV: 10    Int: 47    God:    Vehumet [******]
Gold:   1144       SH: 20    Dex: 20    Spells: 1/60 levels left

rFire   + . .        t - +16 lance "Wyrmbane" {slay drac, rPois rF+ rC+ AC+3}
rCold   + + +        z - +5 kite shield {reflect}
rNeg    + . .        N - +1 scale mail of the Lizard {Int+7 Dex+4}
rPois   ∞            r - +0 mask of the Dragon {Will+ Slay+3 SInv}
rElec   +            B - +2 cloak {Will+}
rCorr   .            A - +4 pair of gloves of Syafrut {Int+2}
SInv    +            K - +2 pair of boots
Will    ++++.        b - amulet of magic regeneration
Stlth   +            q - ring "Deged" {Str+4 Int+8 Dex+6 Stlth-}
HPRegen 0.49/turn    L - ring of Cudghelocw {Wiz rPois Str+5}
MPRegen 0.69/turn

%: reflection, wizardry (x1)
@: flying, hasted, studying 2 skills, very quick
A: sickness immunity, AC +20, big wings, negative energy resistance 1,
electricity resistance, torment resistance 1, petrification resistance, horns 1,
cold resistance 2, deterioration 1
0: Orb of Zot
}: 4/15 runes: decaying, slimy, silver, gossamer
a: Renounce Religion


You escaped.
You worshipped Vehumet.
Vehumet was exalted by your worship.
You visited 12 branches of the dungeon, and saw 56 of its levels.
You visited 2 bazaars.
You also visited: Ossuary, Gauntlet, Volcano and Wizlab.

You collected 9569 gold pieces.
You spent 8425 gold pieces at shops.

Inventory:

Hand Weapons
 t - the +16 lance "Wyrmbane" (weapon) {slay drac, rPois rF+ rC+ AC+3}
   (You took it off a deep elf demonologist on level 3 of the Elven Halls)

   AC+3:      It affects your AC (+3).
   rF+:       It protects you from fire.
   rC+:       It protects you from cold.
   rPois:     It protects you from poison
 T - a +9 whip of holy wrath
Missiles
 e - 4 curare-tipped darts (quivered)
 O - 4 darts of dispersal
Armour
 r - the +0 mask of the Dragon (worn) {Will+ Slay+3 SInv}
   (You found it in a wizard's laboratory)

   Slay+3:    It affects your accuracy & damage with ranged weapons and melee
   (+3).
   Will+:     It increases your willpower.
   SInv:      It lets you see invisible.
 z - a +5 kite shield of reflection (worn)
 A - the +4 pair of gloves of Syafrut (worn) {Int+2}
   (You found it in a wizard's laboratory)

   Int+2:     It affects your intelligence (+2).
 B - a +2 cloak of willpower (worn)
 H - the +4 robe of Folly {Brill Will-∞ Int+8}
   (You took it off a deep elf sorcerer on level 5 of the Vaults)

   Brill:     It increases the power of your magical spells and halves their MP
   cost (rounding up).
   Will-∞: It reduces your willpower to zero.
   Int+8:     It affects your intelligence (+8).
 K - a +2 pair of boots (worn)
 N - the +1 scale mail of the Lizard (worn) {Int+7 Dex+4}
   (You found it in a Gauntlet)

   Int+7:     It affects your intelligence (+7).
   Dex+4:     It affects your dexterity (+4).
 Z - a +2 cloak of preservation
Magical Staves
 X - a staff of fire
Jewellery
 a - a +6 ring of intelligence
 b - an amulet of magic regeneration (around neck)
 m - the ring of Himig {+Blink Str-5 Int+6 Dex+6}
   (You bought it in a shop on level 12 of the Dungeon)

   [ring of intelligence]

   Str-5:     It affects your strength (-5).
   Int+6:     It affects your intelligence (+6).
   Dex+6:     It affects your dexterity (+6).
   +Blink:    It lets you blink.
 q - the ring "Deged" (left hand) {Str+4 Int+8 Dex+6 Stlth-}
   (You bought it in a shop on level 3 of the Elven Halls)

   [ring of dexterity]

   Str+4:     It affects your strength (+4).
   Int+8:     It affects your intelligence (+8).
   Dex+6:     It affects your dexterity (+6).
   Stlth-:    It makes you less stealthy.
 J - the ring "Odaeveij" {rPois rC+ Will+ SInv}
   (You bought it in a shop in a bazaar)

   [ring of protection from cold]

   rC+:       It protects you from cold.
   rPois:     It protects you from poison Will+: It increases your willpower.
   SInv:      It lets you see invisible.
 L - the ring of Cudghelocw (right hand) {Wiz rPois Str+5}
   (You bought it in a shop on level 12 of the Dungeon)

   [ring of wizardry]

   Wiz:       It improves your spell success rate.
   Str+5:     It affects your strength (+5).
   rPois:     It protects you from poison
 M - a ring of ice
 P - a ring of resist corrosion
 Y - the ring of Zalag {rF+ rN+ Will- rCorr Str+3}
   (You took it off a deep elf pyromancer on level 3 of the Elven Halls)

   [ring of resist corrosion]

   Str+3:     It affects your strength (+3).
   rF+:       It protects you from fire.
   rN+:       It protects you from negative energy.
   Will-:     It decreases your willpower.
   rCorr:     It protects you from acid and corrosion.
Wands
 x - a wand of paralysis (46)
 C - a wand of iceblast (17)
 U - a wand of light (35)
 V - a wand of digging (18)
Scrolls
 d - 7 scrolls of summoning
 g - 31 scrolls of teleportation
 i - 5 scrolls of silence
 n - 6 scrolls of blinking
 o - 7 scrolls of fear
 y - 9 scrolls of vulnerability
 D - 8 scrolls of fog
 E - 3 scrolls of poison
 I - 6 scrolls of immolation
Potions
 c - 5 potions of mutation
 f - 8 potions of lignification
 h - 2 potions of haste
 j - 10 potions of invisibility
 k - 13 potions of heal wounds
 l - 22 potions of curing
 p - 7 potions of ambrosia
 s - 4 potions of cancellation
 u - 2 potions of resistance
 w - 4 potions of enlightenment
 F - 6 potions of brilliance
 R - 5 potions of magic
Miscellaneous
 v - a phantom mirror
 G - a condenser vane
 Q - a box of beasts
 S - a phial of floods
 W - a lightning rod (4/4)


   Skills:
 + Level 18.2 Fighting
 - Level 3.0 Maces & Flails
 - Level 9.7 Polearms
 - Level 17.0 Armour
 - Level 1.5 Dodging
 - Level 6.0 Stealth
 - Level 17.0 Shields
 - Level 17.1 Spellcasting
 - Level 23.0 Conjurations
 - Level 11.5 Summonings
 - Level 0.7 Transmutations
 - Level 20.0 Fire Magic
 - Level 25.0 Earth Magic
 - Level 8.5 Evocations


You had one spell level left.
You knew the following spells:

 Your Spells              Type           Power      Damage    Failure   Level
a - Starburst             Conj/Fire      63%        6d17      1%          6
b - Shatter               Erth           67%        3d50*     1%          9
c - Passwall              Tmut/Erth      85%        N/A       0%          2
d - Orb of Destruction    Conj           65%        9d15      1%          7
e - Spellforged Servitor  Conj/Summ      58%        N/A       1%          7
f - Fire Storm            Conj/Fire      63%        8d16      2%          9
g - Fireball              Conj/Fire      63%        3d24      0%          5
h - Bombard               Conj/Erth      66%        9d11      0%          6
i - Lehudib's Crystal Sp  Conj/Erth      66%        10d15     1%          8

Your spell library contained the following spells:

 Spells                   Type           Power      Damage    Failure   Level
 Foxfire                  Conj/Fire      100%       2x1d9     0%          1
 Sandblast                Erth           100%       2d20      0%          1
 Summon Small Mammal      Summ           100%       N/A       0%          1
 Necrotise                Necr           100%       1d9       1%          1
 Call Imp                 Summ           100%       N/A       0%          2
 Momentum Strike          Conj/Tloc      100%       3d10      0%          2
 Static Discharge         Conj/Air       100%       3-8/arc   0%          2
 Stone Arrow              Conj/Erth      100%       3d13      0%          3
 Brom's Barrelling Bould  Conj/Erth      100%       2d11      0%          4
 Flame Wave               Conj/Fire      100%       2d21      0%          4
 Iskenderun's Battlesphe  Conj           100%       2d15      0%          5
 Lee's Rapid Deconstruct  Erth           67%        3d31*     0%          5
 Blink                    Tloc           80%        N/A       1%          2
 Ensorcelled Hibernation  Hex/Ice        80%        N/A       1%          2
 Jinxbite                 Hex            80%        N/A       1%          2
 Call Canine Familiar     Summ           99%        N/A       1%          3
 Dazzling Flash           Conj/Hex       100%       N/A       1%          3
 Gell's Gravitas          Tloc           40%        N/A       1%          3
 Hailstorm                Conj/Ice       99%        3d19      1%          3
 Ignite Poison            Fire/Tmut/Pois 81%        N/A       1%          3
 Mephitic Cloud           Conj/Pois/Air  84%        N/A       1%          3
 Summon Guardian Golem    Hex/Summ       76%        N/A       1%          3
 Swiftness                Air            40%        N/A       1%          3
 Teleport Other           Tloc           40%        N/A       1%          3
 Tukima's Dance           Hex            40%        N/A       1%          3
 Vampiric Draining        Necr           40%        2d8       1%          3
 Volatile Blastmotes      Fire/Tloc      100%       2d18      1%          3
 Airstrike                Air            20%        2d(3-19)  1%          4
 Fulminant Prism          Conj/Hex       49%        3d21      1%          4
 Iskenderun's Mystic Bla  Conj/Tloc      99%        2d19      1%          4
 Leda's Liquefaction      Hex/Erth       51%        N/A       1%          4
 Petrify                  Tmut/Erth      100%       N/A       1%          4
 Summon Ice Beast         Ice/Summ       76%        N/A       1%          4
 Summon Lightning Spire   Summ/Air       76%        N/A       1%          4
 Arcjolt                  Conj/Air       49%        1d59      1%          5
 Freezing Cloud           Conj/Ice/Air   42%        6-21      1%          5
 Summon Forest            Summ/Tloc      38%        N/A       1%          5
 Summon Mana Viper        Hex/Summ       76%        N/A       1%          5
 Conjure Ball Lightning   Conj/Air       49%        3x3d17    1%          6
 Plasma Beam              Fire/Air       47%        2x1d61    1%          6
 Summon Cactus Giant      Summ           49%        N/A       1%          6
 Yara's Violent Unravell  Hex/Tmut       21%        3d10      4%          5
 Summon Hydra             Summ           49%        N/A       4%          7
 Anguish                  Hex/Necr       20%        N/A       6%          4
 Animate Dead             Necr           40%        N/A       6%          4
 Cause Fear               Hex            20%        N/A       6%          4
 Dimensional Bullseye     Hex/Tloc       20%        N/A       6%          4
 Passage of Golubria      Tloc           40%        N/A       6%          4
 Vhi's Electric Charge    Tloc/Air       80%        N/A       6%          4
 Agony                    Necr           40%        N/A       16%         5
 Silence                  Hex/Air        20%        N/A       16%         5
 Eringya's Noxious Bog    Tmut/Pois      21%        4d6       21%         6
 Summon Horrible Things   Summ           49%        N/A       32%         8
 Haunt                    Necr/Summ      38%        N/A       41%         7
 Malign Gateway           Summ/Tloc      38%        N/A       41%         7
 Dispersal                Tloc           20%        N/A       63%         6
 Simulacrum               Ice/Necr       20%        N/A       63%         6
 Chain Lightning          Conj/Air       49%        3d66      71%         9
 Enfeeble                 Hex            20%        N/A       99%         7
 Maxwell's Capacitive Co  Air            20%        ∞         99%         8
 Borgnjor's Revivificati  Necr           20%        N/A       100%        8
 Discord                  Hex            20%        N/A       100%        8
 Disjunction              Tloc           20%        N/A       100%        8
 Infestation              Necr           20%        N/A       100%        8
 Death's Door             Necr           20%        N/A       100%        9
 Cigotuvi's Dreadful Rot  Necr/Pois/Air  Unusable   N/A       N/A         2

Dungeon Overview and Level Annotations

Branches:
Dungeon (15/15)            Temple (1/1) D:5            Lair (5/5) D:11
  Swamp (4/4) Lair:3       Spider (4/4) Lair:3        Slime (5/5) Lair:5
    Orc (2/2) D:12            Elf (3/3) Orc:2        Vaults (5/5) D:13
  Crypt (3/3) Vaults:3       Tomb (0/3) Crypt:3      Depths (4/4) D:15
    Zot (5/5) Depths:4    Ossuary (visited)         Volcano (visited)
 WizLab (visited)         Gauntlet (visited)

Altars:
Ashenzari
Cheibriados
Dithmenos
Elyvilon
Fedhas
Gozag
Hepliaklqana
Kikubaaqudgha
Makhleb
Nemelex Xobeh
Okawaru
Qazlal
Ru
Sif Muna
Trog
Uskayaw
Vehumet
Wu Jian
Xom
Yredelemnul
Zin
The Shining One
Lugonu

Shops:
D:12 =   D:13 [   Orc:2 (??[*   Elf:3 =:=   Depths:1 **(?   Depths:4 **!

Portals:
Hell: Depths:1 Depths:2 Depths:3 Depths:4
Abyss: Depths:3
Pandemonium: Depths:1 Depths:2
Ziggurat: Depths:3

Annotations:
Vaults:4 2 transporters


Innate Abilities, Weirdness & Mutations

You are immune to sickness and miasma.
Your stone body is resilient. (AC +20)
You are immune to poison.
Your large and strong wings let you fly.
You resist negative energy. (rN+)
You are resistant to electric shocks. (rElec)
You are resistant to unholy torment.
You are immune to petrification.
You have a pair of small horns on your head.
Your flesh is very cold resistant. (rC++)
Your body sometimes deteriorates upon taking damage.


Message History

There is a stone staircase leading down here.
Unknown command.
Unknown command.
Unknown command.
Unknown command.
Aiming: Dig
Press: ? - help, Shift-Dir - straight line A rock wall.
This square is covered in magical glow.
The rock shatters into small pieces.
Unknown command.
Unknown command.
You feel yourself speed up.
There is a stone staircase leading up here.
You fly upwards.
There is a stone staircase leading down here.
Unknown command.
Unknown command.
Aiming: Dig
Press: ? - help, Shift-Dir - straight line A rock wall.
This square is covered in magical glow.
The rock shatters into small pieces.
There is a stone staircase leading up here.
You fly upwards.
There is a stone staircase leading down here.
Aiming: Dig
Press: ? - help, Shift-Dir - straight line A rock wall.
This square is covered in magical glow.
The rock shatters into small pieces.
Aiming: Dig
Press: ? - help, Shift-Dir - straight line A rock wall.
This square is covered in magical glow.
The rock shatters into small pieces.
Blink to where?
Press: ? - help, Dir - move target
As you read the scroll of blinking, it crumbles to dust.
You have escaped!

######.....#..##.# #.........##.
.................# #.........##.
######......♣....# ########.###.
.....#.......P...# #..##.
..##.#.........#.# ##..##
..##.#######..##.# ##8..8#
...#.#####.......# ########...>..
#.##.#.....####### #.............
..##.#.#########@####.######8..8#
####.#.# #...........# ##..##
#....#.# #'####'##.#'# #..##
#.####.# #......#.#..######.####
#.# #.# ####.........#.........
#.# #.# #.........#......... #.#
#.# #.........#......... #.#
#.#######.........#......... #.#
#.#..................†......


There were no monsters in sight!

Vanquished Creatures
  the Royal Jelly (Slime:5)
  3 dread liches
  5 orbs of fire (Zot:5)
  An ancient lich (Zot:5)
  Sojobo (Vaults:5)
  Parghit (Depths:3)
  2 Killer Klowns (Zot:5)
  Bai Suzhen (Vaults:5)
  Boris (Depths:4)
  A caustic shrike (Depths:2)
  5 curse toes
  9 golden dragons
  Norris (Elf:2)
  2 bone dragons (Crypt:3)
  3 electric golems
  2 hellephants (Depths:4)
  Mlioglotl (Spider:1)
  9 tentacled monstrosities
  19 Orb Guardians
  The ghost of wildpjah the Impaler, an adept MiFi of Jiyva (Elf:2)
  3 liches
  A titan (Vaults:5)
  4 deep elf blademasters
  4 sphinxes
  A walking divine tome (WizLab)
  4 quicksilver dragons
  2 deep elf master archers (Elf:3)
  13 acid blobs
  7 death cobs
  6 ancient champions
  Kirke (D:14)
  9 storm dragons
  Agnes (Elf:1)
  11 tengu reavers
  7 shadow dragons
  A strange machine (WizLab)
  8 draconian knights
  2 thorn hunters (Swamp:1)
  Aizul (Depths:1)
  5 draconian monks
  5 revenants
  7 azure jellies (Slime:5)
  5 rockslimes
  8 deep elf sorcerers
  3 emperor scorpions
  A frost giant (Vaults:5)
  3 deep elf elementalists (Elf:3)
  2 draconian scorchers
  3 fire giants
  8 vault wardens
  A balrug (Depths:1)
  4 ghouls (Crypt:2)
  5 ghost moths
  2 orc warlords
  4 draconian shifters
  A cacodemon (Depths:1)
  3 draconian stormcallers
  2 spectral caustic shrikes (Depths:3)
  6 formless jellyfish
  2 spriggan defenders (Depths:3)
  4 draconian annihilators
  6 quicksilver oozes
  24 very ugly things
  20 ironbound preservers
  3 war gargoyles
  6 ironbound thunderhulks
  An eleionoma (Swamp:3)
  3 broodmothers (Spider:4)
  6 green draconians
  6 stone giants
  8 vampire knights
  A deep elf demonologist (Elf:3)
  6 deep elf annihilators
  A minotaur (Gauntlet)
  7 black draconians
  12 spark wasps
  13 dire elephants
  2 bunyips
  Nessos (D:13)
  5 yellow draconians
  7 purple draconians
  10 white draconians
  9 red draconians
  Snorg (D:14)
  11 ettins
  A blizzard demon (Depths:2)
  A merfolk javelineer (Depths:3)
  5 fire dragons
  9 jiangshi
  2 eidola
  7 deep elf death magi
  15 yaktaur captains
  Josephine (Swamp:1)
  4 great orbs of eyes
  2 spriggan air magi
  4 entropy weavers
  A shambling mangrove (Swamp:1)
  Harold (Lair:2)
  8 hydras
  5 ice dragons
  9 ironbound frosthearts
  25 vault guards
  4 deep elf high priests
  A jorogumo (Spider:4)
  3 catoblepae
  2 peacekeepers
  6 rakshasas
  A fenstrider witch skeleton (Crypt:3)
  A spriggan skeleton (Crypt:3)
  5 alligators
  An ogre mage (Vaults:5)
  11 centaur warriors
  A tengu warrior (D:12)
  4 boulder beetles
  3 deep troll earth magi
  4 two-headed ogres
  2 death knights (Crypt:2)
  16 death yaks (Lair:5)
  4 vampire magi
  Urug (D:13)
  2 spriggan berserkers (Depths:4)
  7 deep troll shamans
  31 dancing weapons
  12 deep elf knights
  4 demonic crawlers
  An occultist (D:15)
  9 hell hogs (Depths:4)
  3 soul eaters
  6 spriggans
  A titan skeleton (Crypt:3)
  4 orc high priests
  3 skysharks
  Sonja (Orc:2)
  3 iron trolls
  A sun moth (Spider:4)
  A shadow wraith (Vaults:5)
  A spark wasp zombie (Depths:1)
  2 goliath frogs (Swamp:1)
  42 skeletal warriors
  6 pharaoh ants
  An anaconda zombie (Crypt:2)
  3 flayed ghosts
  4 spriggan druids
  A sixfirhy (Depths:1)
  A shadow demon (Depths:2)
  3 orb spiders
  5 swamp dragons
  A death drake (Swamp:1)
  51 deep trolls
  2 glowing orange brains
  5 arcanists
  10 phantasmal warriors
  Pikel (D:6)
  5 steelbarb worms
  7 harpies
  18 ironbound convokers
  12 orc knights
  3 bog bodies
  37 deep elf pyromancers
  A golden dragon skeleton (Crypt:3)
  9 deep elf archers
  A bunyip skeleton (Crypt:3)
  24 deep elf zephyrmancers
  4 necromancers
  6 manticores
  8 wolf spiders
  4 shining eyes
  3 oklob plants (Lair:5)
  8 lindwurms
  6 orc sorcerers
  3 will-o-the-wisps
  6 cyclopes
  36 ugly things
  Maurice (D:9)
  An iron dragon skeleton (Crypt:2)
  30 moths of wrath
  A frost giant skeleton (Depths:1)
  2 eyes of devastation
  A guardian serpent (shapeshifter) (Vaults:5)
  An ice statue (Gauntlet)
  10 elephants
  13 vault sentinels
  6 black mambas
  13 torpor snails
  A smoke demon (Depths:2)
  A gargoyle (Gauntlet)
  Maggie (Lair:1)
  A centaur skeleton (Crypt:3)
  2 orange demons (Depths:1)
  An alligator snapping turtle skeleton (Crypt:3)
  4 kobold demonologists
  12 cane toads
  2 unseen horrors
  A hellion (Depths:1)
  36 yaktaurs
  5 rime drakes
  11 komodo dragons
  An iron troll zombie (Crypt:2)
  A naga skeleton (Crypt:3)
  2 efreet (D:13)
  7 freezing wraiths
  2 tengu conjurers (D:15)
  A minotaur skeleton (Crypt:2)
  2 bloated husks
  12 trolls
  4 meliai
  7 polar bears
  2 nameless horrors
  9 tarantellas
  A glass eye (Slime:2)
  A raiju (Gauntlet)
  6 harpy skeletons
  18 hornets
  A merfolk (shapeshifter) (Depths:3)
  13 tyrant leeches
  15 blink frogs
  A radroach zombie (Crypt:3)
  3 dream sheep (Lair:5)
  An ettin zombie (Depths:1)
  A jumping spider (shapeshifter) (Vaults:5)
  A raiju (shapeshifter) (D:13)
  18 jumping spiders
  64 slime creatures
  6 flying skulls
  A centaur simulacrum (D:15)
  2 air elementals
  7 wyverns
  3 shadows
  12 wraiths
  14 culicivoras
  9 water elementals
  80 yaks
  3 fire elementals (Volcano)
  11 basilisks
  A hog (D:14)
  37 redbacks
  A steam dragon (D:10)
  A merfolk zombie (Crypt:1)
  8 vampire mosquitoes
  7 swamp worms
  7 wargs
  3 acid dragons
  5 hell hounds (Volcano)
  14 water moccasins
  A sky beast (D:7)
  31 orc warriors
  2 ice beasts
  A black bear (Lair:2)
  An elephant zombie (D:7)
  5 centaurs
  A boggart (Vaults:1)
  A swamp dragon skeleton (Crypt:3)
  A manticore skeleton (Crypt:2)
  9 wolves
  A torpor snail zombie (Crypt:2)
  11 ogres
  3 lemures (D:6)
  A phantom (D:6)
  2 elf zombies (D:6)
  4 kobold brigands
  10 bullfrogs
  2 gnoll sergeants
  2 scorpions
  2 earth elementals
  A necrophage (Crypt:2)
  An elf skeleton (D:6)
  A wyvern skeleton (Crypt:3)
  14 wights
  10 killer bees
  4 electric eels
  8 howler monkeys
  3 centaur zombies
  6 human zombies
  17 hounds
  Crazy Yiuf (D:6)
  3 gnoll boudas
  2 jellies
  18 orc priests
  A bullfrog skeleton (Crypt:2)
  3 sleepcaps
  2 scorpion zombies
  3 iguanas
  33 orc wizards
  A lightning spire (Gauntlet)
  2 killer bee zombies (D:7)
  5 hound zombies
  4 mummies (Ossuary)
  3 howler monkey zombies (D:7)
  21 gnolls
  8 adders
  A shadow imp (D:5)
  A white imp (D:6)
  6 ufetubi
  An adder zombie (D:7)
  A jelly zombie (Crypt:1)
  3 worms
  90 orcs
  6 bats
  8 endoplasms
  6 giant cockroaches
  A gnoll zombie (Ossuary)
  8 goblins
  21 hobgoblins
  3 jackals
  6 quokkas
  8 ball pythons
  9 frilled lizards
  2 goblin zombies (Ossuary)
  A hobgoblin zombie (Ossuary)
  10 kobolds
  An orc skeleton (D:6)
  2 orc zombies
  3 rats
  A spectral orc (D:9)
  A boulder (Lair:2)
  5 fire vortices
2061 creatures vanquished.

Vanquished Creatures (collateral kills)
  4 orbs of fire
  Frederick (Depths:4)
  A Killer Klown (Zot:5)
  2 golden dragons
  Jorgrun (D:12)
  7 tentacled monstrosities
  A deep elf blademaster (Elf:3)
  7 Orb Guardians (Zot:5)
  A titan (Vaults:5)
  A sphinx (Vaults:4)
  4 acid blobs (Slime:5)
  A walking frostbound tome (WizLab)
  2 death cobs
  2 ancient champions (Crypt:3)
  3 tengu reavers
  2 draconian monks
  Donald (Elf:2)
  A draconian knight (Depths:4)
  Roxanne (Spider:1)
  5 storm dragons
  3 fire giants
  A frost giant (Vaults:5)
  3 deep elf sorcerers
  An emperor scorpion (Spider:4)
  A rockslime (Slime:5)
  Louise (Elf:3)
  An iron dragon (Depths:4)
  A juggernaut zombie (Crypt:3)
  A deep elf elementalist (Elf:3)
  7 vault wardens
  A spriggan defender (Depths:3)
  A curse skull (Crypt:3)
  2 broodmothers (Spider:4)
  A formless jellyfish (Vaults:4)
  An orc warlord (Vaults:3)
  2 ghouls (Crypt:2)
  5 ironbound preservers
  A spectral caustic shrike (Depths:3)
  11 very ugly things
  2 quicksilver oozes
  2 ironbound thunderhulks (Vaults:2)
  5 green draconians
  2 stone giants
  A caustic shrike skeleton (Crypt:3)
  A deep elf demonologist (Elf:2)
  2 white draconians
  An eleionoma (Swamp:3)
  A purple draconian (Zot:5)
  2 black draconians
  A deep elf annihilator (Elf:3)
  A yellow draconian (Zot:2)
  5 bunyips
  3 dire elephants
  2 deep elf death magi
  An eidolon (Crypt:2)
  A spark wasp (Depths:3)
  A merfolk impaler (Depths:2)
  2 ettins
  2 shambling mangroves (Swamp:4)
  A fire dragon (Depths:2)
  An entropy weaver (Spider:3)
  2 rakshasas (WizLab)
  4 yaktaur captains
  3 deep elf high priests
  2 ice dragons
  11 vault guards
  5 great orbs of eyes
  2 ghost crabs
  3 alligators
  5 hydras
  3 ironbound frosthearts (Vaults:2)
  A spriggan skeleton (Crypt:2)
  A radroach (Spider:4)
  An ogre mage (Vaults:5)
  A boulder beetle (Spider:1)
  18 dancing weapons
  2 death knights (Crypt:2)
  A titan zombie (Depths:1)
  3 demonic crawlers
  A vampire mage (Crypt:1)
  2 spriggan berserkers (Depths:4)
  A soul eater (Crypt:3)
  2 deep elf knights (Elf:2)
  A skyshark (shapeshifter) (Vaults:5)
  33 skeletal warriors
  2 skysharks (Elf:2)
  A pharaoh ant (Spider:2)
  2 goliath frogs
  3 spriggan druids
  4 iron trolls
  10 swamp dragons
  22 deep trolls
  2 bog bodies
  3 flayed ghosts
  A bunyip skeleton (Crypt:3)
  An anaconda skeleton (Crypt:3)
  An anaconda zombie (Crypt:2)
  2 orb spiders
  4 steelbarb worms
  5 deep elf pyromancers
  3 phantasmal warriors
  A glowing orange brain (Depths:2)
  3 arcanists
  A lindwurm (Vaults:2)
  2 deep elf zephyrmancers
  2 shining eyes (Slime:2)
  5 ironbound convokers
  7 wolf spiders
  An orc sorcerer (Elf:2)
  A cyclops (D:15)
  A will-o-the-wisp (Swamp:3)
  11 ugly things
  3 moths of wrath
  A centaur zombie (D:15)
  A vault sentinel (Vaults:2)
  A torpor snail (Spider:4)
  An eleionoma skeleton (Crypt:1)
  An elephant slug zombie (Crypt:3)
  An iron troll zombie (Crypt:1)
  A naga skeleton (Crypt:3)
  3 yaktaurs
  A rime drake (Swamp:4)
  A freezing wraith (Crypt:2)
  3 tyrant leeches
  5 hornets
  A great orb of eyes zombie (Crypt:3)
  5 meliai
  6 tarantellas (Spider:4)
  4 flying skulls (Crypt:3)
  A tarantella zombie (Crypt:1)
  13 slime creatures
  9 culicivoras
  4 spriggans
  2 wraiths
  4 jumping spiders
  A merfolk skeleton (Crypt:3)
  A water elemental (Depths:4)
  A vampire mosquito (D:15)
  21 redbacks
  A swamp worm (Swamp:2)
  5 swamp drakes
  A dream sheep zombie (Crypt:2)
  A lindwurm zombie (Crypt:1)
  2 earth elementals
  A yaktaur skeleton (Crypt:1)
  A raiju skeleton (Crypt:1)
  An electric eel (Spider:1)
  A howler monkey (D:7)
  A howler monkey (shapeshifter) (Vaults:5)
  A wolf skeleton (Crypt:2)
  3 orcs
  A bat skeleton (Crypt:2)
  A kobold (Depths:2)
  A kobold skeleton (Crypt:2)
  25 boulders
485 creatures vanquished.

Vanquished Creatures (others)
  A draconian stormcaller (Zot:1)
  A deep elf elementalist (Elf:3)
  A wolf spider (Spider:1)
  A human (D:14)
  An orc priest (Orc:2)
  38 boulders
  68 fire vortices
  2 foxfires (Swamp:2)
113 creatures vanquished.

Grand Total: 2659 creatures vanquished

Notes
Turn   | Place    | Note
-------+----------+-------------------------------------------
     0 | D:1      | Hi5aMiFi the Gargoyle Earth Elementalist began the quest
                  | for the Orb.
     0 | D:1      | Reached XP level 1. HP: 10/10 MP: 3/3
   659 | D:1      | Reached skill level 4 in Earth Magic
   659 | D:1      | Reached XP level 2. HP: 16/16 MP: 1/5
  1385 | D:2      | Reached skill level 1 in Fighting
  1960 | D:2      | Reached XP level 3. HP: 20/20 MP: 4/6
  1964 | D:2      | Learned a level 3 spell: Stone Arrow
  2758 | D:3      | Reached XP level 4. HP: 25/25 MP: 5/7
  3048 | D:4      | Found an opulent altar of Gozag.
  3084 | D:5      | Entered Level 5 of the Dungeon
  3106 | D:5      | Reached skill level 1 in Conjurations
  3106 | D:5      | Reached skill level 5 in Earth Magic
  3140 | D:5      | Noticed an ice beast
  3159 | D:5      | Found a staircase to the Ecumenical Temple.
  3168 | Temple   | Entered the Ecumenical Temple
  3190 | Temple   | Became a worshipper of Vehumet
  3294 | D:5      | Reached XP level 5. HP: 24/30 MP: 0/9
  3647 | D:6      | Noticed a lemure
  3746 | D:6      | Found a hide-covered altar of Uskayaw.
  3772 | D:6      | Noticed a phantom
  3964 | D:6      | Found a sand-covered staircase.
  3973 | Ossuary  | Entered an ossuary
  3985 | Ossuary  | Learned a level 2 spell: Passwall
  4012 | Ossuary  | Reached skill level 1 in Evocations
  4015 | Ossuary  | Reached XP level 6. HP: 36/36 MP: 0/10
  4457 | Ossuary  | Reached * piety under Vehumet
  4457 | Ossuary  | Offered knowledge of Magic Dart by Vehumet.
  4731 | D:6      | Found a runed translucent door.
  4732 | D:6      | Noticed Crazy Yiuf
  4949 | D:6      | Reached XP level 7. HP: 41/41 MP: 4/11
  5009 | D:6      | Found a snail-covered altar of Cheibriados.
  5128 | D:6      | Reached skill level 5 in Conjurations
  5272 | D:6      | Noticed Pikel
  5419 | D:6      | Killed Pikel
  5420 | D:6      | Reached skill level 5 in Fighting
  5420 | D:6      | Reached XP level 8. HP: 46/49 MP: 0/12
  5730 | D:6      | Learned a level 4 spell: Brom's Barrelling Boulder
  6401 | D:6      | Reached skill level 6 in Earth Magic
  7142 | D:4      | Reached ** piety under Vehumet
  7183 | D:4      | Offered knowledge of Scorch by Vehumet.
  7532 | D:4      | Reached XP level 9. HP: 54/54 MP: 9/15
  7847 | D:4      | Found a sacrificial altar of Ru.
  8136 | D:3      | Offered knowledge of Mephitic Cloud by Vehumet.
  8572 | D:3      | Reached skill level 7 in Earth Magic
  8899 | D:3      | Reached *** piety under Vehumet
  9152 | D:7      | Reached skill level 5 in Spellcasting
  9465 | D:7      | Found a basalt altar of Yredelemnul.
  9781 | D:7      | Offered knowledge of Flame Wave by Vehumet.
 10096 | D:7      | Reached skill level 10 in Conjurations
 10541 | D:7      | Reached skill level 1 in Fire Magic
 10910 | D:7      | Learned a level 4 spell: Flame Wave
 10923 | D:7      | Reached XP level 10. HP: 59/59 MP: 4/17
 11885 | D:7      | Reached **** piety under Vehumet
 12218 | D:7      | Reached skill level 5 in Stealth
 12221 | D:7      | Offered knowledge of Lee's Rapid Deconstruction by Vehumet.
 13962 | D:7      | Learned a level 5 spell: Lee's Rapid Deconstruction
 14754 | D:8      | Found an iron altar of Okawaru.
 14904 | D:8      | Reached skill level 5 in Fire Magic
 15133 | D:8      | Found a burning altar of Makhleb.
 15194 | D:8      | Reached ***** piety under Vehumet
 15627 | D:8      | Offered knowledge of Olgreb's Toxic Radiance by Vehumet.
 15630 | D:8      | Reached XP level 11. HP: 63/63 MP: 10/18
 16271 | D:8      | Reached skill level 8 in Earth Magic
 16931 | D:9      | Found a basalt altar of Yredelemnul.
 16993 | D:9      | Identified the +6 short sword of Scorn {speed, rF+ Str+6}
 17186 | D:9      | Found a shimmering altar of Xom.
 17414 | D:9      | Found an ornate altar of the Wu Jian Council.
 17415 | D:9      | Noticed Maurice
 17424 | D:9      | Killed Maurice
 18047 | D:10     | Entered Level 10 of the Dungeon
 18285 | D:10     | Noticed a two-headed ogre
 18298 | D:10     | Killed a two-headed ogre
 18562 | D:10     | Reached skill level 9 in Earth Magic
 18882 | D:10     | Reached skill level 1 in Maces & Flails
 19078 | D:10     | Found a shadowy altar of Dithmenos.
 19091 | D:10     | Noticed a sun demon
 20257 | Gauntlet | Identified the of Roma
 20257 | D:11     | Noticed a cyclops
 20404 | D:11     | Killed a cyclops
 20405 | D:11     | Reached skill level 1 in Armour
 20561 | D:11     | Reached XP level 12. HP: 68/68 MP: 0/21
 20567 | D:11     | Found a staircase to the Lair.
 20650 | D:11     | Found a gate leading to a gauntlet.
 20651 | D:11     | Noticed a two-headed ogre
 20656 | D:11     | Killed a two-headed ogre
 20678 | Gauntlet | Entered a Gauntlet
 20678 | Gauntlet | Noticed a catoblepas
 20678 | Gauntlet | Found a transporter.
 20678 | Gauntlet | Found a transporter.
 20678 | Gauntlet | Found a transporter.
 20699 | Gauntlet | Found a transporter.
 20709 | Gauntlet | Found a transporter.
 20714 | Gauntlet | Found a transporter.
 20722 | Gauntlet | Found a transporter.
 20741 | Gauntlet | Found a transporter.
 20744 | Gauntlet | Found a transporter.
 20747 | Gauntlet | Found a transporter.
 20755 | Gauntlet | Found a transporter.
 20758 | Gauntlet | Found a transporter.
 20865 | Gauntlet | Learned a level 6 spell: Starburst
 20880 | Gauntlet | Killed a catoblepas
 20928 | Gauntlet | Identified the +1 leather armour of Yesterday {Dex+4}
 21043 | Gauntlet | Reached skill level 10 in Fire Magic
 21196 | Gauntlet | Identified the +1 scale mail of the Lizard {Int+7 Dex+4}
 21297 | Gauntlet | Noticed a minotaur
 21329 | Gauntlet | Killed a minotaur
 22219 | D:6      | Killed Crazy Yiuf
 22394 | Lair:1   | Entered Level 1 of the Lair of Beasts
 22510 | Lair:1   | Reached skill level 1 in Shields
 22805 | Lair:1   | Noticed Maggie
 22810 | Lair:1   | Killed Maggie
 23802 | Lair:1   | Reached XP level 13. HP: 74/74 MP: 12/24
 23816 | Lair:1   | Offered knowledge of Yara's Violent Unravelling by Vehumet.
 24554 | Lair:2   | Noticed Harold
 24675 | Lair:2   | Identified the staff of the Vase {rElec rC+ Str+2 Ice}
 24728 | Lair:2   | Reached skill level 10 in Earth Magic
 25022 | Lair:2   | Identified the +9 plate armour "Annar" {+Blink rElec Int+2}
 25080 | Lair:2   | Reached skill level 12 in Earth Magic
 25080 | Lair:2   | Gained mutation: Your large and strong wings let you fly.
                  | [Gargoyle growth]
 25080 | Lair:2   | Reached XP level 14. HP: 82/82 MP: 26/26
 25665 | Lair:2   | Reached skill level 5 in Shields
 25772 | Lair:2   | Found an ancient bone altar of Kikubaaqudgha.
 27393 | Lair:3   | Found a hole to the Spider Nest.
 27507 | Lair:3   | Found a staircase to the Swamp.
 28311 | Lair:4   | Offered knowledge of Fireball by Vehumet.
 29027 | Lair:5   | Entered Level 5 of the Lair of Beasts
 29395 | Lair:5   | Learned a level 5 spell: Fireball
 29457 | Lair:5   | Reached XP level 15. HP: 90/90 MP: 14/28
 29458 | Lair:5   | Reached skill level 15 in Conjurations
 29529 | Lair:5   | Reached skill level 10 in Fighting
 29546 | Lair:5   | Found a dark tunnel.
 29559 | Volcano  | Entered a volcano
 29715 | Volcano  | Reached skill level 10 in Spellcasting
 30711 | Lair:5   | Found a runed translucent door.
 31170 | Lair:5   | Reached skill level 5 in Armour
 31233 | Lair:5   | Found a staircase to the Slime Pits.
 32810 | Lair:5   | Reached skill level 13 in Earth Magic
 33953 | Lair:5   | Offered knowledge of Bombard by Vehumet.
 34362 | Lair:2   | Killed Harold
 34622 | D:12     | Found a staircase to the Orcish Mines.
 34625 | D:12     | Noticed Jorgrun
 35656 | D:12     | Killed Jorgrun
 35657 | D:12     | Reached XP level 16. HP: 97/97 MP: 13/30
 35945 | D:12     | Learned a level 6 spell: Bombard
 36163 | D:12     | Found a sparkling altar of Nemelex Xobeh.
 36178 | D:12     | Found Tonyheff's Jewellery Boutique.
 36183 | D:12     | Bought an amulet of magic regeneration for 390 gold pieces
 36194 | D:12     | Bought the ring of Himig {+Blink Str-5 Int+6 Dex+6} for 677
                  | gold pieces
 36767 | D:13     | Noticed Urug
 36771 | D:13     | Killed Urug
 37288 | D:13     | Found Gigeheth's Armour Emporium.
 37313 | D:13     | Noticed Nessos
 37321 | D:13     | Killed Nessos
 37450 | D:13     | Found a gate to the Vaults.
 37891 | D:14     | Found a shadowy altar of Dithmenos.
 38399 | D:14     | Found a sacrificial altar of Ru.
 38472 | D:14     | Noticed Snorg
 38475 | D:14     | You are sucked into a shaft and drop 1 floor!
 38475 | D:15     | Entered Level 15 of the Dungeon
 38619 | D:14     | Learned a level 7 spell: Orb of Destruction
 38720 | D:14     | Noticed Kirke
 38724 | D:14     | Killed Kirke
 38725 | D:14     | Reached skill level 1 in Summonings
 38728 | D:14     | Killed Snorg
 38924 | D:14     | Offered knowledge of Irradiate by Vehumet.
 39219 | D:14     | Identified the +7 ring mail of the King of the Hill {rC+
                  | Dex-5 SInv}
 39402 | Orc:1    | Entered Level 1 of the Orcish Mines
 39482 | Orc:2    | Entered Level 2 of the Orcish Mines
 39482 | Orc:2    | Found Warimyru's Antique Weapon Boutique.
 39505 | Orc:2    | Noticed Sonja
 39513 | Orc:2    | Killed Sonja
 40148 | Orc:2    | Found a staircase to the Elven Halls.
 40343 | Orc:1    | Offered knowledge of Ozocubu's Refrigeration by Vehumet.
 40666 | Orc:1    | Reached skill level 5 in Summonings
 41083 | Orc:2    | Found Haoneude's Magic Scroll Emporium.
 41083 | Orc:2    | Found Kuekos's Assorted Antiques.
 41085 | Orc:2    | Found Sucuol's Armour Shop.
 41085 | Orc:2    | Found Bytham's Magic Scroll Emporium.
 41200 | Orc:2    | Bought a scroll of immolation for 60 gold pieces
 41200 | Orc:2    | Bought a scroll of immolation for 60 gold pieces
 41200 | Orc:2    | Bought a scroll of amnesia for 60 gold pieces
 41203 | Orc:2    | Bought a scroll of revelation for 97 gold pieces
 41206 | Orc:2    | Bought a shiny pearl ring for 120 gold pieces
 41206 | Orc:2    | Bought a pair of runed boots for 180 gold pieces
 41206 | Orc:2    | Bought an embroidered hat for 168 gold pieces
 41225 | Orc:2    | Bought the +0 hat "Jethrytza" {rElec rC+ Int+2} for 438
                  | gold pieces
 41232 | Orc:2    | Bought a twisted jewelled staff for 288 gold pieces
 41331 | D:12     | Bought a +6 ring of intelligence for 468 gold pieces
 41463 | Swamp:1  | Entered Level 1 of the Swamp
 41463 | Swamp:1  | Noticed a thorn hunter
 41466 | Swamp:1  | Killed a thorn hunter
 41600 | Swamp:1  | Noticed Josephine
 41604 | Swamp:1  | Killed Josephine
 41627 | Swamp:1  | Reached XP level 17. HP: 102/102 MP: 5/33
 41659 | Swamp:1  | Learned a level 7 spell: Spellforged Servitor
 43226 | Swamp:3  | Identified the of Turph
 43344 | Swamp:3  | Identified the +7 chain mail "Liowig" {*Slow Dex+3}
 43392 | Swamp:3  | Offered knowledge of Ignition by Vehumet.
 43526 | Swamp:3  | Reached skill level 10 in Summonings
 43803 | Swamp:3  | Identified the +7 rapier of Kagun {speed, Str+8 SInv}
 43966 | Swamp:4  | Entered Level 4 of the Swamp
 44571 | Swamp:4  | Identified the +4 chain mail "Ikucw" {rC+}
 44780 | Swamp:4  | Reached XP level 18. HP: 107/107 MP: 23/36
 45038 | Swamp:4  | Got a decaying rune of Zot
 45146 | Spider:1 | Entered Level 1 of the Spider Nest
 45239 | Spider:1 | Reached skill level 15 in Spellcasting
 45388 | Spider:1 | Noticed Roxanne
 45599 | Spider:1 | Noticed Mlioglotl
 45620 | Spider:1 | Killed Mlioglotl
 45703 | Spider:1 | Reached ****** piety under Vehumet
 45809 | Spider:1 | Offered knowledge of Lehudib's Crystal Spear by Vehumet.
 45809 | Spider:1 | Offered knowledge of Fire Storm by Vehumet.
 45809 | Spider:1 | Offered knowledge of Chain Lightning by Vehumet.
 46659 | Spider:2 | Learned a level 8 spell: Lehudib's Crystal Spear
 47684 | Spider:4 | Entered Level 4 of the Spider Nest
 48144 | Spider:4 | Reached skill level 10 in Shields
 48156 | Spider:4 | Reached XP level 19. HP: 112/112 MP: 8/39
 48215 | Spider:4 | Reached skill level 10 in Armour
 49009 | Spider:4 | Got a gossamer rune of Zot
 49208 | Spider:1 | Killed Roxanne
 49437 | Vaults:1 | Entered Level 1 of the Vaults
 50978 | Vaults:1 | Reached XP level 20. HP: 117/117 MP: 3/40
 51287 | Vaults:2 | Found a flickering gateway to a bazaar.
 51306 | Bazaar   | Entered a bazaar
 51310 | Bazaar   | Found Maqaw's Antique Weapon Boutique.
 51328 | Bazaar   | Found Ocsouqat's General Store.
 51345 | Bazaar   | Found Deisonuj's Assorted Antiques.
 51362 | Bazaar   | Found Usyur's Distillery.
 51391 | Bazaar   | Bought a potion of cancellation for 48 gold pieces
 51391 | Bazaar   | Bought a potion of curing for 18 gold pieces
 51391 | Bazaar   | Bought a potion of heal wounds for 30 gold pieces
 51391 | Bazaar   | Bought a potion of magic for 48 gold pieces
 51391 | Bazaar   | Bought a potion of heal wounds for 30 gold pieces
 51391 | Bazaar   | Bought a potion of curing for 18 gold pieces
 51406 | Bazaar   | Bought a potion of heal wounds for 155 gold pieces
 51406 | Bazaar   | Bought a potion of enlightenment for 155 gold pieces
 51421 | Bazaar   | Bought a scroll of summoning for 85 gold pieces
 51421 | Bazaar   | Bought 3 scrolls of immolation for 108 gold pieces
 51792 | Vaults:2 | Identified the +3 trident "Omi Bias" {drain, +Blink rN+
                  | Int-4 Stlth+}
 51933 | Vaults:2 | Reached skill level 15 in Shields
 52824 | WizLab   | Identified the of Situemae
 52824 | WizLab   | Identified the "Jenyotam"
 52967 | Vaults:3 | Found a magical portal.
 53066 | WizLab   | Entered Tukima's Studio
 53652 | WizLab   | Found the +0 mask of the Dragon {Will+ Slay+3 SInv}
 53704 | WizLab   | Noticed Hi5aMiFi's illusion
 53767 | WizLab   | Noticed Hi5aMiFi's illusion
 53801 | WizLab   | Identified the +4 pair of gloves of Syafrut {Int+2}
 54258 | Vaults:3 | Reached skill level 14 in Earth Magic
 54590 | Vaults:3 | Reached XP level 21. HP: 98/122 MP: 34/41
 55513 | Vaults:3 | Found a staircase to the Crypt.
 55750 | Vaults:4 | Reached skill level 15 in Earth Magic
 56314 | Vaults:4 | Identified the +4 flail of the Dancing Moth {flame, rElec}
 56760 | Vaults:4 | Identified the +2 falchion of the Ten Brambles {venom,
                  | *Noise MP+9 Str+3}
 57016 | Vaults:4 | Found a transporter.
 57160 | Vaults:4 | Found a transporter.
 57889 | D:15     | Found a stormy altar of Qazlal.
 58033 | D:15     | Found a staircase to the Depths.
 58333 | Vaults:5 | Identified the "Dauhon"
 58333 | Vaults:5 | Identified the of Huryraefu
 58333 | Vaults:5 | Identified the of Nibuw
 58333 | Depths:3 | Identified the of Zicwaxza
 58333 | Elf:1    | Entered Level 1 of the Elven Halls
 58902 | Elf:1    | Reached XP level 22. HP: 127/127 MP: 28/42
 59054 | Elf:1    | Noticed Agnes
 59056 | Elf:1    | Killed Agnes
 59057 | Elf:1    | Reached skill level 16 in Earth Magic
 59698 | Elf:2    | Found a runed translucent door.
 59699 | Elf:2    | Found a shimmering altar of Xom.
 59699 | Elf:2    | Noticed wildpjah's ghost (adept MiFi)
 60222 | Elf:2    | Found a runed translucent gate.
 60222 | Elf:2    | Found a runed translucent gate.
 60223 | Elf:2    | Found a runed translucent gate.
 60329 | Elf:2    | Noticed Donald
 60331 | Elf:2    | Killed Donald
 60551 | Elf:2    | Reached skill level 17 in Earth Magic
 60824 | Elf:2    | Noticed Norris
 60830 | Elf:2    | Killed Norris
 60831 | Elf:2    | Reached skill level 15 in Armour
 61203 | Elf:2    | Killed wildpjah's ghost
 61249 | Elf:3    | Entered Level 3 of the Elven Halls
 61706 | Elf:3    | Paralysed by an air elemental for 1 turns
 62242 | Elf:3    | Found Johuys's Jewellery Boutique.
 62243 | Elf:3    | Found Palef's Book Emporium.
 62244 | Elf:3    | Found Facisas's Jewellery Boutique.
 62258 | Elf:3    | Bought the ring "Deged" {Str+4 Int+8 Dex+6 Stlth-} for 1002
                  | gold pieces
 62371 | Elf:3    | Noticed Louise
 62379 | Elf:3    | Killed Louise
 62380 | Elf:3    | Reached skill level 18 in Earth Magic
 62501 | Elf:3    | Identified the ring of Zalag {rF+ rN+ Will- rCorr Str+3}
 62547 | Elf:3    | Identified the amulet of the Saviour {Reflect Harm Slay+2
                  | SH+5}
 62723 | Elf:3    | Reached XP level 23. HP: 122/133 MP: 33/43
 62744 | Elf:3    | Identified the +0 leather armour of Ylior {rC+++ Int+4
                  | Stlth-}
 62754 | Elf:3    | Identified the ring of Waocin {rPois rN++ Str-2 Int-4
                  | Stlth+}
 63747 | Crypt:1  | Entered Level 1 of the Crypt
 63780 | Crypt:1  | Reached skill level 1 in Polearms
 64195 | Crypt:1  | Identified a scroll of acquirement
 64206 | Crypt:1  | Acquired 985 gold pieces
 64347 | Crypt:1  | You are sucked into a shaft and drop 1 floor!
 64355 | Crypt:2  | Reached skill level 19 in Earth Magic
 66277 | Crypt:3  | Entered Level 3 of the Crypt
 66281 | Crypt:3  | Reached skill level 5 in Polearms
 66423 | Crypt:3  | Reached skill level 20 in Earth Magic
 66581 | Crypt:3  | Identified the +2 leather armour of Bugo {Dex+3}
 66642 | Crypt:3  | Identified the +2 robe of Philately {Fly rElec Archmagi}
 66876 | Crypt:3  | Found a staircase to the Tomb.
 67422 | Crypt:3  | Reached XP level 24. HP: 144/144 MP: 14/43
 67447 | Crypt:3  | Reached skill level 21 in Earth Magic
 67464 | Crypt:3  | Learned a level 9 spell: Shatter
 67621 | Crypt:3  | Found a basalt altar of Yredelemnul.
 68048 | Crypt:3  | Noticed a dread lich
 68052 | Crypt:3  | Killed a dread lich
 68174 | Crypt:3  | Identified the amulet "Urussomm" {Spirit Str+3}
 68201 | Crypt:3  | Identified the +7 shortbow of Mievagib {elec, rPois}
 68805 | Depths:1 | Entered Level 1 of the Depths
 68829 | Depths:1 | Reached skill level 22 in Earth Magic
 68864 | Depths:1 | Found Omerr's General Store.
 68866 | Depths:1 | Found Orotetau's Magic Scroll Emporium.
 68866 | Depths:1 | Found Kiqif's Assorted Antiques.
 68871 | Depths:1 | Found Bimnoc's Weapon Emporium.
 68880 | Depths:1 | Bought 2 scrolls of enchant armour for 285 gold pieces
 68880 | Depths:1 | Bought a scroll of blinking for 142 gold pieces
 68880 | Depths:1 | Bought a scroll of summoning for 180 gold pieces
 68880 | Depths:1 | Bought a scroll of summoning for 180 gold pieces
 68945 | Depths:1 | Identified the serpent talisman of Yjaise Coleh {rN+ Dex+3
                  | Stlth+}
 68945 | Depths:1 | Noticed Aizul
 68950 | Depths:1 | Killed Aizul
 69182 | Depths:1 | Found a one-way gate leading to the halls of Pandemonium.
 69226 | Depths:1 | Found a gateway to Hell.
 69323 | Depths:1 | Found a white marble altar of Elyvilon.
 69894 | Depths:2 | Noticed a caustic shrike
 70010 | Depths:2 | Killed a caustic shrike
 70261 | Depths:2 | Reached skill level 23 in Earth Magic
 70430 | Depths:2 | Found a gateway to a bazaar.
 70433 | Bazaar   | Entered a bazaar
 70454 | Bazaar   | Found Oqunurix's Weapon Boutique.
 70468 | Bazaar   | Found Bitwud's Jewellery Shop.
 70496 | Bazaar   | Found Naont's Jewellery Shop.
 70510 | Bazaar   | Found Pivej's Distillery.
 70576 | Bazaar   | Bought 2 potions of invisibility for 240 gold pieces
 70576 | Bazaar   | Bought a potion of mutation for 120 gold pieces
 70576 | Bazaar   | Bought a potion of cancellation for 120 gold pieces
 70576 | Bazaar   | Bought a potion of haste for 150 gold pieces
 70618 | Bazaar   | Bought the ring "Odaeveij" {rPois rC+ Will+ SInv} for 414
                  | gold pieces
 70659 | Bazaar   | Bought a potion of ambrosia for 120 gold pieces
 70659 | Bazaar   | Bought a potion of enlightenment for 75 gold pieces
 70659 | Bazaar   | Bought a potion of curing for 45 gold pieces
 70659 | Bazaar   | Bought a potion of invisibility for 120 gold pieces
 70830 | Depths:2 | Identified the +0 plate armour "Trusted Companion" {Drain
                  | Will+ Str+3 Stlth+}
 70873 | Depths:2 | Reached skill level 15 in Fighting
 71654 | Depths:3 | Reached skill level 24 in Earth Magic
 71654 | Depths:3 | Reached XP level 25. HP: 155/155 MP: 27/43
 71880 | Depths:3 | Found a one-way gateway to a ziggurat.
 72009 | Depths:3 | Found a broken altar of Ashenzari.
 72362 | Vaults:2 | Identified the ring "Leclaimm" {rPois rF- rCorr Str+5}
 72679 | Depths:3 | Found a glowing silver altar of Zin.
 72717 | Depths:3 | Noticed Parghit
 72732 | Depths:3 | Killed Parghit
 72903 | Depths:3 | Found a corrupted altar of Lugonu.
 72903 | Depths:3 | Found a one-way gate to the infinite horrors of the Abyss.
 73377 | Depths:4 | Entered Level 4 of the Depths
 73852 | Depths:4 | Found a bloodstained altar of Trog.
 73906 | Depths:4 | Found Kerant's Distillery.
 73930 | Depths:4 | Found Fyggoapa's Assorted Antiques.
 73936 | Depths:4 | Found Zikkog's General Store.
 74076 | Depths:4 | Found a gate to the Realm of Zot.
 74094 | Depths:4 | Reached skill level 15 in Fire Magic
 74638 | Depths:4 | Noticed Boris
 74640 | Depths:4 | Noticed Frederick
 74641 | Depths:4 | Killed Boris
 74646 | Depths:4 | Killed Frederick
 74976 | Depths:4 | Bought a potion of brilliance for 60 gold pieces
 75757 | Slime:1  | Entered Level 1 of the Pits of Slime
 76044 | Slime:2  | Gained mutation: You are dopey. (Int -2) [a shining eye]
 76222 | Slime:5  | Entered Level 5 of the Pits of Slime
 76321 | Slime:5  | Noticed the Royal Jelly
 76342 | Slime:5  | Killed the Royal Jelly
 76343 | Slime:5  | Reached XP level 26. HP: 78/160 MP: 24/43
 76852 | Slime:5  | Found the +7 hand cannon "Mule" {flame, backblast, rF+}
 76895 | Slime:5  | Identified the ring "Nogaej" {Fly rN+ rCorr Int-4}
 76925 | Slime:5  | Got a slimy rune of Zot
 76956 | Slime:5  | Identified the +0 scale mail of Truth {rElec}
 76973 | Slime:5  | Identified the ring of Faceq {rF- rN+ Str+4}
 76989 | Slime:5  | Identified the +9 shortbow "Umusmar" {flame, Str+3}
 77257 | Lair:5   | Lost mutation: You are dopey. (Int -2) [potion of mutation]
 77257 | Lair:5   | Gained mutation: You have sharp toenails. [potion of
                  | mutation]
 77257 | Lair:5   | Gained mutation: You are strong-willed. (Will+) [potion of
                  | mutation]
 77257 | Lair:5   | Gained mutation: You possess an exceptional clarity of
                  | mind. [potion of mutation]
 77643 | Crypt:2  | Learned a level 9 spell: Fire Storm
 77791 | Vaults:5 | Entered Level 5 of the Vaults
 78367 | Vaults:5 | Identified the amulet "Xasuq" {Spirit rPois rF- Int+2}
 78592 | Vaults:5 | Identified the storm talisman of Gozag's Regard {Will+
                  | Int+3 Slay-4 SInv}
 78592 | Vaults:5 | Noticed Sojobo
 78650 | Vaults:5 | Paralysed by an air elemental for 1 turns
 78652 | Vaults:5 | Killed Sojobo
 78988 | Vaults:5 | Identified the +3 battleaxe of Hospitality {freeze, Int+3}
 79151 | Vaults:5 | Noticed Bai Suzhen
 79159 | Vaults:5 | Killed Bai Suzhen
 80115 | Vaults:5 | Identified the +1 ring mail of Inihar {Will+ Dex+3 Slay-5}
 80431 | Vaults:5 | Got a silver rune of Zot
 81087 | Depths:4 | Bought a potion of enlightenment for 75 gold pieces
 81087 | Depths:4 | Bought a potion of enlightenment for 75 gold pieces
 81087 | Depths:4 | Bought a potion of invisibility for 120 gold pieces
 81323 | Orc:2    | Bought a potion of mutation for 192 gold pieces
 81559 | Depths:4 | Bought a scroll of revelation for 337 gold pieces
 81739 | D:12     | Bought the ring of Cudghelocw {Wiz rPois Str+5} for 672
                  | gold pieces
 81966 | Zot:1    | Entered Level 1 of the Realm of Zot
 82122 | Zot:1    | Reached XP level 27. HP: 165/165 MP: 41/44
 83365 | Zot:2    | Noticed an orb of fire
 83369 | Zot:2    | Lost mutation: You possess an exceptional clarity of mind.
                  | [an orb of fire]
 83373 | Zot:2    | Killed an orb of fire
 85344 | Zot:3    | Reached skill level 5 in Evocations
 86586 | Zot:4    | Found a shimmering blue altar of Sif Muna.
 86608 | Zot:4    | Found a shimmering blue altar of Sif Muna.
 86726 | Zot:5    | Entered Level 5 of the Realm of Zot
 87898 | Zot:5    | Noticed an ancient lich
 87904 | Zot:5    | Killed an ancient lich
 87966 | Zot:5    | Noticed an orb of fire
 87968 | Zot:5    | Gained mutation: You are partially covered in iridescent
                  | scales. (AC +2) [an orb of fire]
 87971 | Zot:5    | Killed an orb of fire
 88182 | Zot:5    | Noticed an orb of fire
 88183 | Zot:5    | Gained mutation: You occasionally lose the ability to read
                  | scrolls when taking damage. [an orb of fire]
 88187 | Zot:5    | Killed an orb of fire
 88200 | Zot:4    | Lost mutation: You have sharp toenails. [potion of
                  | mutation]
 88200 | Zot:4    | Lost mutation: You occasionally lose the ability to read
                  | scrolls when taking damage. [potion of mutation]
 88200 | Zot:4    | Lost mutation: You are strong-willed. (Will+) [potion of
                  | mutation]
 88200 | Zot:4    | Gained mutation: You are covered in fur. (AC +1) [potion of
                  | mutation]
 88200 | Zot:4    | Gained mutation: You have a pair of small horns on your
                  | head. [potion of mutation]
 88288 | Zot:5    | Noticed a dread lich
 88298 | Zot:5    | Killed a dread lich
 88358 | Zot:5    | Noticed an orb of fire
 88359 | Zot:5    | Killed an orb of fire
 88504 | Zot:5    | Noticed a dread lich
 88511 | Zot:5    | Killed a dread lich
 88573 | Zot:5    | Noticed an orb of fire
 88580 | Zot:5    | Gained mutation: Your magical capacity is low. (-10% MP)
                  | [an orb of fire]
 88584 | Zot:5    | Killed an orb of fire
 88585 | Zot:5    | Reached skill level 25 in Earth Magic
 88600 | Zot:5    | Lost mutation: Your magical capacity is low. (-10% MP)
                  | [potion of mutation]
 88600 | Zot:5    | Lost mutation: You are covered in fur. (AC +1) [potion of
                  | mutation]
 88600 | Zot:5    | Gained mutation: You have large cloven feet. [potion of
                  | mutation]
 88600 | Zot:5    | Gained mutation: Your muscles are strong. (Str +4, Int/Dex
                  | -1) [potion of mutation]
 88704 | Zot:5    | Noticed an orb of fire
 88704 | Zot:5    | Noticed an orb of fire
 88704 | Zot:5    | Gained mutation: You are frail. (-10% HP) [an orb of fire]
 88714 | Zot:5    | Killed an orb of fire
 88724 | Zot:5    | Noticed an orb of fire
 88732 | Zot:5    | Killed an orb of fire
 88809 | Zot:5    | Lost mutation: Your muscles are strong. (Str +4, Int/Dex
                  | -1) [potion of mutation]
 88809 | Zot:5    | Lost mutation: You are partially covered in iridescent
                  | scales. (AC +2) [potion of mutation]
 88809 | Zot:5    | Lost mutation: You have large cloven feet. [potion of
                  | mutation]
 88809 | Zot:5    | Gained mutation: You are agile. (Dex +4, Str/Int -1)
                  | [potion of mutation]
 88809 | Zot:5    | Gained mutation: Your magical capacity is low. (-10% MP)
                  | [potion of mutation]
 88809 | Zot:5    | Gained mutation: You have large cloven feet. [potion of
                  | mutation]
 88810 | Zot:5    | Lost mutation: You are frail. (-10% HP) [potion of
                  | mutation]
 88810 | Zot:5    | Lost mutation: You are agile. (Dex +4, Str/Int -1) [potion
                  | of mutation]
 88810 | Zot:5    | Gained mutation: You have a pair of horns on your head.
                  | [potion of mutation]
 88811 | Zot:5    | Lost mutation: You have a pair of horns on your head.
                  | [potion of mutation]
 88811 | Zot:5    | Lost mutation: You have large cloven feet. [potion of
                  | mutation]
 88811 | Zot:5    | Gained mutation: You are robust. (+10% HP) [potion of
                  | mutation]
 88811 | Zot:5    | Gained mutation: You occasionally shout uncontrollably at
                  | your foes. [potion of mutation]
 88811 | Zot:5    | Gained mutation: You are weak. (Str -2) [potion of
                  | mutation]
 88812 | Zot:5    | Lost mutation: You have a pair of small horns on your head.
                  | [potion of mutation]
 88812 | Zot:5    | Lost mutation: You are weak. (Str -2) [potion of mutation]
 88812 | Zot:5    | Lost mutation: You occasionally shout uncontrollably at
                  | your foes. [potion of mutation]
 88812 | Zot:5    | Gained mutation: You sometimes lose your temper in combat.
                  | [potion of mutation]
 88812 | Zot:5    | Gained mutation: Your magical capacity is very low. (-20%
                  | MP) [potion of mutation]
 88813 | Zot:5    | Lost mutation: Your magical capacity is very low. (-20% MP)
                  | [potion of mutation]
 88813 | Zot:5    | Lost mutation: You are robust. (+10% HP) [potion of
                  | mutation]
 88813 | Zot:5    | Gained mutation: You have sharp fingernails. [potion of
                  | mutation]
 88813 | Zot:5    | Gained mutation: Armour fits poorly on your strangely
                  | shaped body. [potion of mutation]
 88814 | Zot:5    | Lost mutation: You have sharp fingernails. [potion of
                  | mutation]
 88814 | Zot:5    | Lost mutation: Your magical capacity is low. (-10% MP)
                  | [potion of mutation]
 88814 | Zot:5    | Lost mutation: You sometimes lose your temper in combat.
                  | [potion of mutation]
 88814 | Zot:5    | Gained mutation: Your body sometimes deteriorates upon
                  | taking damage. [potion of mutation]
 88814 | Zot:5    | Gained mutation: Your flesh is cold resistant. (rC+)
                  | [potion of mutation]
 88814 | Zot:5    | Gained mutation: Your flesh is very cold resistant. (rC++)
                  | [potion of mutation]
 88870 | Zot:5    | Noticed an orb of fire
 88870 | Zot:5    | Gained mutation: Your magical capacity is low. (-10% MP)
                  | [an orb of fire]
 88878 | Zot:5    | Killed an orb of fire
 88882 | Zot:5    | Lost mutation: Armour fits poorly on your strangely shaped
                  | body. [potion of mutation]
 88882 | Zot:5    | Lost mutation: Your magical capacity is low. (-10% MP)
                  | [potion of mutation]
 88882 | Zot:5    | Gained mutation: You have a pair of small horns on your
                  | head. [potion of mutation]
 88919 | Zot:5    | Killed an orb of fire
 89455 | Zot:5    | Got the Orb of Zot
 89595 | Depths:1 | Noticed Xerhuid the pandemonium lord
 89771 | D:4      | Noticed Archut the pandemonium lord
 89819 | D:$      | Escaped with the Orb!

Illustrated notes

Levels and vault maps discovered:
D:1:      minmay_arrival_three_doors, layout_basic, st_stairs_6,
          chequers_serial_rivers_small_3, serial_park_tiny_1, minmay_cut_off
D:2:      layout_loops_ring, minmay_joined_circles
D:3:      minmay_bubble_buster, layout_loops_cross
D:4:      layout_rooms, mainiacjoe_overflow_alcove_2, nicolae_gozag_seed_capital
D:5:      layout_rooms, minmay_temple_entry_steel_oval, sigmund_army
D:6:      layout_loops_corners, nicolae_uskayaw_murder_on_the_dancefloor,
          cheibriados_altar_1, mainiacjoe_sewer_entry_somewhere_in_here_2,
          nicolae_ossuary_entry_catacombs, uniq_crazy_yiuf_cottage, uniq_pikel
D:7:      lemuel_castle_with_subvaults [lemuel_castle_interior_original],
          layout_loops_ring, roadster_capsule_ark_zombie
D:8:      layout_basic, okawaru_metal_pillars_3, lemuel_doored_altar
D:9:      layout_loops_ring, nicolae_wu_jian_immortal_techniques,
          mainiacjoe_overflow_six_doors_small,
          yredelemnul_forgotten_temple_becter, uniq_maurice
D:10:     minmay_spotlight, layout_stronghold, kennysheep_mini
D:11:     layout_cave_pools, erik_lair_island, gauntlet_entry_generic
D:12:     layout_roguey, david_orc_3, serial_shops, nicolae_shop_hallway_plus,
          minmay_misc_feat_enclosed, nemelex_lonely_heart_becter, uniq_jorgrun
D:13:     layout_cave_pools, skrybe_vaults_entry_preservation, serial_shops,
          shop, argonaut_gorgonesque, uniq_nessos, uniq_urug
D:14:     minmay_the_grid_triangle_9x9_recursive_2_mashed
          [minmay_the_grid_triangle_9x9_prize_center,
          minmay_the_grid_triangle_9x9_empty,
          minmay_the_grid_triangle_9x9_skeleton,
          minmay_the_grid_triangle_9x9_wacky_v], layout_basic,
          hangedman_ru_absence, grunt_dithmenos_smoke_and_mirrors, uniq_snorg,
          uniq_kirke
D:15:     grunt_enter_depths_magical_seal, layout_loops_ring,
          minmay_misc_feat_room, nicolae_qazlal_eye_of_the_storm
Temple:   hellmonk_temple_forest_ring
Lair:1:   hellmonk_destroyed_diamonds, layout_hall_layers, uniq_maggie
Lair:2:   layout_roguey, basic_altar, infiniplex_staircase_pool_2,
          lemuel_fruit_tree, serial_bayou_shore_a, serial_bayou_shore_b,
          grunt_megastairs_5, uniq_harold
Lair:3:   layout_hall_layers, mainiacjoe_swamp_entry_lozenge_pond,
          dummy_spider_entry
Lair:4:   layout_concentric_octagons, beast_lair_carwin_2
Lair:5:   wormcave, layout_gridlike, hangedman_lair_in_review,
          minmay_slime_entry_oklob_enclosed, nicolae_volcano_entry_hallway,
          grunt_megastairs_3, serial_bayou_shore_b
Swamp:1:  layout_basic_swamp, serial_swamp_ruin, evilmike_swamp_ruin_house_3,
          evilmike_swamp_ruin_house_5, swamp_pool_1_2, uniq_josephine
Swamp:2:  layout_falls_marsh, nicolae_swamp_feature_on_the_river_bank
Swamp:3:  layout_falls_marsh, evilmike_swamp_ruin_rubble_1
Swamp:4:  swamp_alternative, layout_basic_swamp
Spider:1: layout_spider_delve, uniq_roxanne, uniq_mlioglotl
Spider:2: layout_cave_pods
Spider:3: layout_spider_delve
Spider:4: hellmonk_spider_rune_endless_swarm
Slime:1:  layout_caves, cheibrodos_slime_lost_civilization_6
Slime:2:  layout_caves
Slime:3:  layout_caves
Slime:4:  layout_caves, nicolae_slime_crime_time
Slime:5:  slime_pit
Orc:1:    cheibrodos_orc_bank, layout_diamond_mine
Orc:2:    grunt_orc_tribal_feast, layout_caves, basic_altar, serial_shops, shop,
          uniq_sonja
Elf:1:    eino_elf_arrival_the_gate, layout_geoelf_diagonals,
          hangedman_elven_crosses_minicolossus, grunt_megastairs_2, uniq_agnes
Elf:2:    elven_hall_of_blades_hangedman_original [grunt_blade_entry_basic],
          layout_loops_corners, ebering_ghost_xom, uniq_norris, uniq_donald
Elf:3:    minmay_elf_hall_furrowed, layout_rooms, hangedman_elf_represent,
          minmay_shop_grove, uniq_louise
Vaults:1: nicolae_vaults_security_offices_5, v_rooms_6,
          nicolae_vaults_three_branches, nicolae_vaults_diamond_2,
          nicolae_vaults_border_crossing, v_rooms_5, nicolae_vaults_triangles,
          vaults_room_fancy_cross, nicolae_vaults_layer_cake_slice, v_misc_12,
          vaults_dpeg_ring, ontoclasm_vaults_claustrophobia, layout_vaults_maze
Vaults:2: nicolae_vaults_swerve, nicolae_vaults_big_angled_halls, v_misc_22,
          vaults_room_door_hall, vaults_mumra_lcd, v_misc_12,
          vaults_standard_mumra_x, nicolae_vaults_big_angled_halls,
          vaults_room_semicircle, nicolae_vaults_rhombus_5,
          nicolae_vaults_security_offices_6, ontoclasm_vaults_gateway,
          nicolae_vaults_heist, grunt_vaults_twisty,
          nicolae_vaults_double_plus_1, vaults_mumra_hex, layout_vaults_ring,
          serial_shops, bzr_entry_lakeside, uniq_margery
Vaults:3: mu_enter_wizlab_4, nicolae_vaults_theta, v_misc_2,
          nicolae_vaults_closet_pinwheel_4, vaults_room_grid,
          minmay_crypt_entry_simple_walls, hangedman_vaults_stretched_pinwheel,
          v_misc_26, ontoclasm_vaults_shuriken, layout_vaults_big_room
Vaults:4: nicolae_vaults_six-pack, grunt_vaults_hallway_short,
          emtedronai_trogs_sanctum, hangedman_vaults_maws,
          ontoclasm_vaults_ring_square, vaults_room_octagon,
          nicolae_vaults_little_squares_1, nicolae_vaults_steering_wheel,
          v_misc_15, nicolae_vaults_frosty_reception, v_pattern_4,
          nicolae_vaults_shelves_hall, nicolae_vaults_diamond_1,
          layout_vaults_big_cross
Vaults:5: serial_shops, uniq_bai_suzhen, uniq_sojobo
Crypt:1:  layout_basic, minmay_misc_feat_rows, grunt_megastairs_4
Crypt:2:  layout_basic
Crypt:3:  church_of_pain_bobbens, layout_chaotic_city
Depths:1: layout_gridlike, rand_demon_pan_entry_3, hangedman_geh_valley,
          elyvilon_altar_3, minmay_shoptagon, uniq_aizul
Depths:2: hangedman_arrow_trap, layout_cave_pools, rand_demon_pan_entry_9,
          serial_shops, bzr_entry_customers, kennysheep_small_spiral,
          hell_entry, uniq_josephina
Depths:3: minmay_containers, layout_basic, enter_ziggurat_c,
          abyss_entry_flame_altar, nicolae_ashenzari_panopticon,
          pf_hell_entry_tar_river, zin_academy, minmay_staircase_bubble,
          uniq_parghit
Depths:4: evilmike_zot_entry_diamond, layout_gridville,
          trog_three_pillars_becter, grunt_hell_horde, serial_bayou_ford_a,
          minmay_shop_star, uniq_frederick, uniq_boris
Zot:1:    layout_misc_corridors
Zot:2:    layout_cathedral_of_symmetry, lemuel_elevator
Zot:3:    kennysheep_blocky_room, layout_cathedral_of_symmetry
Zot:4:    layout_gridlike, regret_index_zotdec_magical_s
Zot:5:    layout_gridlike

Skill      XL: |  1  2  3  4  5  6  7  8  9 10 11 12 13 14 15 16 17 18 19 20 21 22 23 24 25 26 27 |
---------------+----------------------------------------------------------------------------------+-----
Earth Magic    | 4 5 6 7 9 12 13 14 15 18 20 24 25 | 25.0
Fighting       | 1 2 3 5 7 9 10 12 15 18 | 18.2
Conjurations   | 1 3 4 7 10 12 13 14 15 16 17 20 23 | 23.0
Spellcasting   | 3 4 5 6 7 8 9 10 12 14 16 17 | 17.1
Evocations     | 1 2 4 8 |  8.5
Fire Magic     | 2 5 9 10 11 12 17 19 20 | 20.0
Stealth        | 3 6 |  6.0
Maces & Flails | 2 3 |  3.0
Armour         | 2 3 7 8 9 10 13 15 16 17 | 17.0
Shields        | 3 4 5 6 10 13 15 16 17 | 17.0
Summonings     | 6 10 11 | 11.5
Polearms       | 5 9 |  9.7
Dodging        | |  1.5
Transmutations | |  0.7

Action                     |  1- 3 |  4- 6 |  7- 9 | 10-12 | 13-15 | 16-18 | 19-21 | 22-24 | 25-27 || total
---------------------------+-------+-------+-------+-------+-------+-------+-------+-------+-------++-------
  Melee: Short sword       |       |    17 |    36 |       |     8 |    40 |     3 |       |       ||   104
         Whip              |       |       |       |   104 |     7 |     8 |       |    76 |       ||   195
         Hand axe          |       |       |       |     9 |       |       |       |       |       ||     9
         Punch             |       |       |       |     1 |       |       |       |       |       ||     1
         Lance             |       |       |       |       |       |       |       |    36 |   177 ||   213
   Fire: Sling             |       |     2 |     6 |       |       |       |       |       |       ||     8
  Throw: Stone             |     5 |     7 |     5 |     3 |       |       |       |       |       ||    20
         Javelin           |       |     4 |       |       |     1 |       |       |       |       ||     5
         Throwing net      |       |     1 |     1 |     2 |       |       |       |       |       ||     4
         Dart              |       |       |     2 |    10 |     1 |     4 |       |       |       ||    17
         Boomerang         |       |       |       |     3 |     8 |       |       |     3 |       ||    14
   Cast: Sandblast         |    57 |    46 |    53 |    10 |       |       |       |       |       ||   166
         Stone Arrow       |       |    24 |    84 |   233 |   206 |    63 |    12 |     2 |       ||   624
         Brom's Barrelling |       |       |    39 |    52 |     3 |       |       |       |       ||    94
         Passwall          |       |       |     1 |     1 |       |       |       |       |       ||     2
         Lee's Rapid Decon |       |       |       |    32 |    13 |    15 |    74 |    63 |     2 ||   199
         Flame Wave        |       |       |       |    17 |    11 |       |       |       |       ||    28
         Starburst         |       |       |       |    18 |   126 |    37 |    49 |    55 |    40 ||   325
         Fireball          |       |       |       |       |    65 |   137 |    97 |    24 |    92 ||   415
         Bombard           |       |       |       |       |       |   128 |    99 |   142 |    71 ||   440
         Orb of Destructio |       |       |       |       |       |   175 |   137 |   270 |   347 ||   929
         Spellforged Servi |       |       |       |       |       |    96 |   185 |   194 |   197 ||   672
         Lehudib's Crystal |       |       |       |       |       |       |     5 |    34 |    76 ||   115
         Shatter           |       |       |       |       |       |       |       |       |    11 ||    11
         Fire Storm        |       |       |       |       |       |       |       |       |    58 ||    58
Ability: Evoke Blink       |       |       |       |       |       |       |       |       |     1 ||     1
  Evoke: Wand              |       |     4 |     7 |    30 |    16 |    23 |     5 |     9 |    18 ||   112
         Box of beasts     |       |       |       |       |     1 |     2 |     1 |       |       ||     4
         Condenser vane    |       |       |       |       |       |       |     1 |     1 |       ||     2
         Lightning rod     |       |       |       |       |       |       |     2 |     1 |       ||     3
         Phantom mirror    |       |       |       |       |       |       |       |     1 |       ||     1
         Phial of floods   |       |       |       |       |       |       |       |       |     1 ||     1
    Use: Potion            |     1 |     4 |       |    11 |     4 |    10 |     7 |     2 |    31 ||    70
         Scroll            |     6 |     5 |     3 |    17 |    14 |     8 |     7 |     8 |    22 ||    90
   Stab: Paralysed         |       |       |       |     7 |       |     2 |       |       |       ||     9
         Invisible         |       |       |       |       |       |     3 |       |       |       ||     3
         Distracted        |       |       |       |       |       |     1 |       |     2 |     4 ||     7
         Sleeping          |       |       |       |       |       |       |       |     1 |       ||     1
 Armour: Robe              |     9 |    25 |    45 |   155 |    91 |   167 |    61 |   177 |   154 ||   884
         Ring mail         |       |       |       |       |       |       |    10 |    11 |       ||    21
         Scale mail        |       |       |       |       |       |       |       |       |    89 ||    89
  Dodge: Dodged            |     7 |    35 |    33 |   136 |    36 |    64 |    32 |    72 |    55 ||   470
  Block: Buckler           |       |       |       |       |    13 |    34 |     3 |       |       ||    50
         Kite shield       |       |       |       |       |       |       |    53 |   205 |   170 ||   428
         Reflection        |       |       |       |       |       |       |    36 |    19 |    36 ||    91

Table legend: (Time is in decaauts)
 A = Elapsed time spent in this place.
 B = Non-inter-level travel time spent in this place.
 C = Inter-level travel time spent in this place.
 D = Time resting spent in this place.
 E = Time spent auto-exploring this place.
 F = Levels seen in this place.
 G = Mean time per level.
                   A        B        C        D        E       F      G
               +--------+--------+--------+--------+--------+-----+--------+
         Total |  89958 |  80189 |   9769 |  27688 |   6390 |  62 | 1450.9 |
       Dungeon |  28319 |  24999 |   3320 |   9483 |   1346 |  15 | 1887.9 |
        Temple |     43 |      2 |     41 |      0 |      0 |   1 |   43.0 |
          Lair |  12380 |  11241 |   1139 |   5573 |    754 |   5 | 2476.0 |
         Swamp |   3643 |   3447 |    196 |    989 |    402 |   4 |  910.8 |
   Spider Nest |   4101 |   3832 |    269 |    996 |    347 |   4 | 1025.2 |
    Slime Pits |   1430 |   1394 |     36 |    399 |    139 |   5 |  286.0 |
  Orcish Mines |   2264 |   1748 |    516 |    314 |     68 |   2 | 1132.0 |
   Elven Halls |   5336 |   4761 |    575 |   1294 |    509 |   3 | 1778.7 |
        Vaults |  10988 |   9433 |   1555 |   2716 |    798 |   5 | 2197.6 |
         Crypt |   4978 |   4606 |    372 |   1398 |    696 |   3 | 1659.3 |
        Depths |   6242 |   5013 |   1229 |   1348 |    702 |   4 | 1560.5 |
           Zot |   7003 |   6483 |    520 |   1775 |    567 |   5 | 1400.6 |
        Bazaar |    394 |    394 |      0 |      0 |      0 |   2 |  197.0 |
       Ossuary |    661 |    661 |      0 |    331 |     39 |   1 |  661.0 |
       Volcano |    689 |    689 |      0 |    492 |      0 |   1 |  689.0 |
        Wizlab |    779 |    779 |      0 |    338 |     23 |   1 |  779.0 |
      Gauntlet |    699 |    699 |      0 |    242 |      0 |   1 |  699.0 |
               +--------+--------+--------+--------+--------+-----+--------+

Top non-repeatable levels by time:
     D:7: 5280 daAuts
  Lair:5: 4530 daAuts
     D:6: 3123 daAuts
Vaults:5: 3019 daAuts
  Lair:3: 2676 daAuts
  Lair:1: 2327 daAuts
Vaults:3: 2291 daAuts
   Elf:3: 2086 daAuts
 Crypt:2: 2051 daAuts
Vaults:2: 2015 daAuts
Vaults:1: 2006 daAuts
 Crypt:3: 1997 daAuts
     D:8: 1916 daAuts
     D:9: 1911 daAuts
    D:12: 1891 daAuts
